 Dungeon Crawl Stone Soup version 0.29.1-2-gbd0b4ee654 (webtiles) character file.

Game seed: 1226051601648859569

7 whiskeysaurus the Conjurer (level 1, -1/14 HPs)
             Began as a Draconian Conjurer on Nov 20, 2022.
             Slain by a kobold
             ... wielding a +0 whip
              (3 damage)
             ... on level 1 of the Dungeon.
             The game lasted 00:00:17 (275 turns).

whiskeysaurus the Conjurer (Draconian Conjurer)      Turns: 275, Time: 00:00:18

Health: -1/14      AC:  4    Str:  9    XL:     1   Next: 91%
Magic:  1/3        EV: 12    Int: 18    God:
Gold:   61         SH:  0    Dex:  9    Spells: 3/4 levels left

rFire   . . .      SeeInvis .   (no weapon)
rCold   . . .      Faith    .   (no shield)
rNeg    . . .      Spirit   .   (body armour unavailable)
rPois   .          Reflect  .   (helmet restricted)
rElec   .          Harm     .   (no cloak)
rCorr   .          Rampage  .   (no gloves)
Will    .....                   (no boots)
Stlth   ++........              (no amulet)
HPRegen 0.04/turn               (no ring)
MPRegen 0.08/turn               (no ring)

@: no status effects
A: AC +4, unfitting armour, cold-blooded
a: no special abilities


You were on level 1 of the Dungeon.
You visited 1 branch of the dungeon, and saw 1 of its levels.

You collected 61 gold pieces.

Inventory:

Scrolls
 b - a scroll of teleportation {unknown}
 c - a scroll of butterflies {unknown}
Potions
 a - a potion of magic
 d - a potion of curing {unknown}


   Skills:
 + Level 1.9 Dodging
 + Level 2.0 Stealth
 + Level 2.1 Spellcasting
 + Level 4.1 Conjurations


You had 3 spell levels left.
You knew the following spells:

 Your Spells              Type           Power      Damage    Failure   Level
a - Magic Dart            Conj           64%        1d6       3%          1

Your spell library contained the following spells:

 Spells                   Type           Power      Damage    Failure   Level
 Searing Ray              Conj           32%        2d5       4%          2
 Dazzling Flash           Conj/Hex       18%        N/A       22%         3
 Fulminant Prism          Conj/Hex       4%         3d6       58%         4
 Iskenderun's Mystic Bla  Conj/Tloc      9%         2d4       58%         4


Dungeon Overview and Level Annotations

Branches:
Dungeon (1/15)

Altars:


Innate Abilities, Weirdness & Mutations

Your plain brown scales are hard. (AC +4)
You cannot fit into any form of body armour.
You are cold-blooded and may be slowed by cold attacks.


Message History

You are too injured to fight recklessly!
You are too injured to fight recklessly!
You are too injured to fight recklessly!
You are too injured to fight recklessly!
You are too injured to fight recklessly!
You are too injured to fight recklessly!
You are too injured to fight recklessly!
You are too injured to fight recklessly!
You are too injured to fight recklessly!
You are too injured to fight recklessly!
You are too injured to fight recklessly!
You are too injured to fight recklessly!
You are too injured to fight recklessly!
You are too injured to fight recklessly!
You are too injured to fight recklessly!
You are too injured to fight recklessly!
You are too injured to fight recklessly!
You are too injured to fight recklessly!
You are too injured to fight recklessly!
You are too injured to fight recklessly!
You completely miss the rat. The rat bites you.
* * * LOW HITPOINT WARNING * * *
You closely miss the rat. You punch the rat, but do no damage.
The rat closely misses you.
You hit the rat.
You tail-slap the rat, but do no damage.
The rat is heavily wounded.
The rat bites you.
* * * LOW HITPOINT WARNING * * *
You barely miss the rat.
The rat is heavily wounded.
The rat closely misses you.
You barely miss the rat.
The rat is heavily wounded.
The rat bites you.
* * * LOW HITPOINT WARNING * * *
You hit the rat.
You kill the rat!
You hit the kobold but do no damage. The kobold hits you with a +0 whip.
You die...

+......<..###.........'.##......
#..####.### ##.####..#......#.#
#.#.###.# #.# #.#.#####..#.#
#.##.#.## ##.#.##.# #..... #.
##.## #.# #.# #.#### #. #.#.##
##.# #.# #.# #.#.###.# #.# #.#
#.# #..####.### ###.####..# #.#
+.........###..@).....+ .#
##.####.##.#.##K####.##
#.###.###.# #.##.#.##.# #.#.#
#.#.# ...# #... #.. ..# #+# #+#


You could see a kobold.

Vanquished Creatures
  A dart slug (D:1)
  A bat (D:1)
  A goblin (D:1)
  3 rats (D:1)
6 creatures vanquished.

Notes
Turn   | Place    | Note
-------+----------+-------------------------------------------
     0 | D:1      | whiskeysaurus the Draconian Conjurer began the quest for
                  | the Orb.
     0 | D:1      | Reached XP level 1. HP: 14/14 MP: 3/3
   275 | D:1      | Slain by a kobold

Illustrated notes

Levels and vault maps discovered:
D:1:      roderic_octagonal_star, layout_basic, minmay_unequal

Skill      XL: |  1 |
---------------+----+-----
Stealth        | 2 |  2.0
Dodging        | |  1.9
Spellcasting   | |  2.1
Conjurations   | |  4.1

Action                   || total
-------------------------++-------
Melee: Unarmed           ||    15
       Tailslap          ||     2
       Punch             ||     1
 Cast: Magic Dart        ||    11
Armor: Skin              ||     1
Dodge: Dodged            ||     9
